Panthers vs Stars

Created - 15 janvier 2022 at 16:04

Goals
1 2 3 T
Panthers 0 2 1 3
Stars 0 1 1 2
Shots
1 2 3 T
Panthers 18 7 20 45
Stars 7 15 9 31

GoalsPenalties
1st period
No Goal
Ryan Suter (DAL) for Holding (Minor) at 0:24
Andrei Svechnikov (DAL) for Slashing (Minor) at 4:08
Deryk Engelland (DAL) for Hooking (Minor) at 4:29
Andrei Svechnikov (DAL) for Tripping (Minor) at 13:10
Dylan DeMelo (FLO) for Hooking (Minor) at 19:57
2nd period
1. Panthers , Andre Burakovsky 14 (Seth Jones 29, Aleksander Barkov 34) at 7:21
2. Stars , Martin Necas 13 (Deryk Engelland 11, Dylan Larkin 14) at 10:45
3. Panthers , Reilly Smith 14 (Vladislav Namestnikov 15) at 17:25
Alec Martinez (FLO) for Holding (Minor) at 7:59
Jordan Greenway (DAL) for Interference (Minor) at 14:20
3rd period
4. Panthers , Claude Giroux 14 (Seth Jones 30, Vladislav Namestnikov 16) at 6:50 (PP)
5. Stars , Martin Necas 14 (Dylan Larkin 15, Deryk Engelland 12) at 19:39
Deryk Engelland (DAL) for Holding Stick (Minor) at 0:38
Alexander Edler (DAL) for High sticking (Minor) at 3:20
Deryk Engelland (DAL) for Slashing (Minor) at 6:30
Oskar Sundqvist (FLO) for Slashing (Minor) at 8:43
Seth Jones (FLO) for Hooking (Minor) at 12:01
Tucker Poolman (DAL) for Hooking (Minor) at 14:31
Michael Raffl (FLO) for Slashing (Minor) at 14:31
Goalie Stats
Jonathan Quick (FLO), 29 saves from 31 shots - (0,935), W, 10-8-2, 60:00 minutes
Jake Oettinger (DAL), 42 saves from 45 shots - (0,933), L, 8-4-1, 59:43 minutes
3 StarsOfficial
1 - Martin Necas (DAL)
2 - Jake Oettinger (DAL)
3 - Andre Burakovsky (FLO)
Referees : Dan O'Rourke and Rob Martell
Linesman : Steve Barton and Jonny Murray
Game Note
No Game Note



Team Name Goals Shots Shots Attemp Shots Blocked PIM HIT PP PK FO%
Panthers 34584510181 / 8 (13%)052%
Stars 231601718240 / 4 (0%)148%

Panthers
Player Name POS G A P +/- PIM HIT SHT SB MP PP MP PP SHT PK MP PK SHT FO% FOT
Alec MartinezD000-1215221:485:5952:5600% 0
Aleksander BarkovC0111012022:505:3714:10051% 35
Andre BurakovskyLW/RW1011016017:475:3710:000100% 1
Brett HowdenC/LW/RW000-200509:480:0000:00029% 7
Claude GirouxC/LW/RW1011013022:556:5823:46056% 45
Colton ParaykoD000-1003023:025:5914:2900% 0
David KrejciC000000104:470:0000:00033% 3
Dmitry KulikovD0001010110:500:0000:0000% 0
Dylan DeMeloD0000250124:476:3602:2700% 0
Eric RobinsonLW000-202009:480:0000:0000% 0
Jason DemersD0001010114:020:0003:1200% 0
Jonathan MarchessaultLW/RW0001018022:305:3744:100100% 2
Jujhar KhairaC/LW000000004:470:0000:0000% 1
Michael RafflLW/RW000021104:460:0000:0000% 1
Oskar SundqvistC/LW/RW000-221009:470:0000:0000% 1
Reilly SmithLW/RW1011004022:126:5823:4600% 1
Seth JonesD0220213025:286:3632:4800% 0
Vladislav NamestnikovC/LW/RW0221014018:066:5830:000100% 3
Stars
Player Name POS G A P +/- PIM HIT SHT SB MP PP MP PP SHT PK MP PK SHT FO% FOT
Alexander EdlerD0000254523:444:3015:1000% 0
Andreas AthanasiouC0000032010:080:0000:00044% 9
Andrei SvechnikovLW/RW000-1411019:344:3004:0600% 1
Denis GurianovLW/RW000-1011121:504:3015:47027% 22
Deryk EngellandD0222632219:583:2613:1700% 0
Dylan LarkinC0221012014:233:2600:00065% 20
Elias PetterssonC000-1005021:294:3015:59146% 37
Frans NielsenC000000006:080:0000:0000% 0
Jason RobertsonLW0000002016:143:2612:40033% 3
Jordan GreenwayLW/RW0001210017:120:0005:0000% 0
Martin NecasC/RW2021013014:233:2600:0000% 1
Mikko KoivuC000000306:080:0000:000100% 6
Oskar LindblomLW/RW000001106:080:0000:000100% 1
Ron HainseyD000-2010114:290:0002:2200% 0
Ryan SuterD0000223625:204:3026:4600% 0
Travis HamonicD0002011224:173:2617:3400% 0
Tucker PoolmanD000-2210012:060:0000:0000% 0
Warren FoegeleLW/RW0000021010:080:0000:0000% 0

Panthers

5 vs 5 Forward
Line #Left WingCenterRight WingPHYDFOFWanted %Time %Time Play
1Jonathan MarchessaultAleksander BarkovAndre Burakovsky0143031%11:27
2Vladislav NamestnikovClaude GirouxReilly Smith0143030%11:08
3Eric RobinsonBrett HowdenOskar Sundqvist0232426%9:48
4Jujhar KhairaDavid KrejciMichael Raffl1311613%4:47
5 vs 5 Defense
Line #DefenseDefensePHYDFOFWanted %Time %Time Play
1Seth JonesDylan DeMelo0323030%10:58
2Alec MartinezColton Parayko0323032%11:51
3Dmitry KulikovJason Demers0412429%10:50
4Seth JonesDylan DeMelo032169%3:31
Power Play Forward
Line #Left WingCenterRight WingPHYDFOFWanted %Time %Time Play
1Jonathan MarchessaultAleksander BarkovAndre Burakovsky0145045%5:37
2Vladislav NamestnikovClaude GirouxReilly Smith0145055%6:58
Power Play Defense
Line #DefenseDefensePHYDFOFWanted %Time %Time Play
1Seth JonesDylan DeMelo0145052%6:36
2Alec MartinezColton Parayko0145048%5:59
Penalty Kill 4 Players Forward
Line #CenterWingPHYDFOFWanted %Time %Time Play
1Aleksander BarkovJonathan Marchessault1225053%4:10
2Claude GirouxReilly Smith1225047%3:46
Penalty Kill 4 Players Defense
Line #DefenseDefensePHYDFOFWanted %Time %Time Play
1Seth JonesDylan DeMelo1225046%3:39
2Alec MartinezColton Parayko1225054%4:17
Penalty Kill 3 Players
Line #WingPHYDFOFWanted %Time %Time PlayDefenseDefensePHYDFOFWanted %Time %Time Play
1Aleksander Barkov122500%0:00 Seth JonesDylan DeMelo122500%0:00
2Claude Giroux122500%0:00 Alec MartinezColton Parayko122500%0:00
4 vs 4 Forward
Line #CenterWingPHYDFOFWanted %Time %Time Play
1Aleksander BarkovJonathan Marchessault0145064%1:16
2Claude GirouxAndre Burakovsky0145036%0:43
4 vs 4 Defense
Line #DefensePHYDFOFWanted %Time %Time Play
1Seth JonesDylan DeMelo0145064%50% - 1:16
2Alec MartinezColton Parayko0145036%50% - 0:43
Last Minutes Offensive
Left WingCenterRight WingDefenseDefense
Claude GirouxAleksander BarkovReilly SmithSeth JonesAlec Martinez
Last Minutes Defensive
Left WingCenterRight WingDefenseDefense
Claude GirouxAleksander BarkovReilly SmithSeth JonesAlec Martinez
Time
Total ForwardTotal DefenseLast Minutes OffensiveLast Minutes Defensive
60:00 60:00 0:000:20
Extra Forwards
Normal PowerPlayPenalty Kill
Brett Howden, Oskar Sundqvist, David KrejciBrett Howden, Oskar SundqvistDavid Krejci
Extra Defensemen
Normal PowerPlayPenalty Kill
Colton Parayko, Jason Demers, Alec MartinezDylan DeMelo, Jason DemersAlec Martinez
Penalty Shots
Aleksander Barkov, Jonathan Marchessault, Claude Giroux, Reilly Smith, Andre Burakovsky
Goalie
Jonathan Quick, Collin Delia
Custom OT Lines Forwards
Aleksander Barkov, Claude Giroux, Reilly Smith, Jonathan Marchessault, Andre Burakovsky, Vladislav Namestnikov, Brett Howden, Oskar Sundqvist, David Krejci, Eric Robinson
Custom OT Lines Defensemen
Seth Jones, Dylan DeMelo, Alec Martinez, Colton Parayko, Jason Demers
Scratches
Riley Nash (Healthy), Chad Ruhwedel (Healthy), Justin Braun (Healthy)

Stars

5 vs 5 Forward
Line #Left WingCenterRight WingPHYDFOFWanted %Time %Time Play
1Andrei SvechnikovElias PetterssonDenis Gurianov0053027%9:57
2Jordan GreenwayDylan LarkinMartin Necas0053029%10:57
3Jason RobertsonAndreas AthanasiouWarren Foegele1222427%10:08
4Oskar LindblomMikko KoivuFrans Nielsen1401617%6:08
5 vs 5 Defense
Line #DefenseDefensePHYDFOFWanted %Time %Time Play
1Alexander EdlerRyan Suter1223026%9:43
2Travis HamonicDeryk Engelland1223034%12:34
3Ron HainseyTucker Poolman1222433%12:07
4Alexander EdlerRyan Suter122167%2:46
Power Play Forward
Line #Left WingCenterRight WingPHYDFOFWanted %Time %Time Play
1Andrei SvechnikovElias PetterssonDenis Gurianov1225057%4:30
2Jason RobertsonDylan LarkinMartin Necas1225043%3:26
Power Play Defense
Line #DefenseDefensePHYDFOFWanted %Time %Time Play
1Alexander EdlerRyan Suter1225057%4:30
2Travis HamonicDeryk Engelland1225043%3:26
Penalty Kill 4 Players Forward
Line #CenterWingPHYDFOFWanted %Time %Time Play
1Elias PetterssonAndrei Svechnikov1225047%5:10
2Denis GurianovJordan Greenway1225053%5:47
Penalty Kill 4 Players Defense
Line #DefenseDefensePHYDFOFWanted %Time %Time Play
1Alexander EdlerRyan Suter1225058%6:19
2Travis HamonicDeryk Engelland1225042%4:38
Penalty Kill 3 Players
Line #WingPHYDFOFWanted %Time %Time PlayDefenseDefensePHYDFOFWanted %Time %Time Play
1Elias Pettersson1225050%0:49 Alexander EdlerRyan Suter1225040%0:39
2Andrei Svechnikov1225050%0:49 Travis HamonicDeryk Engelland1225060%0:59
4 vs 4 Forward
Line #CenterWingPHYDFOFWanted %Time %Time Play
1Elias PetterssonAndrei Svechnikov1225036%0:43
2Denis GurianovJordan Greenway1225064%1:16
4 vs 4 Defense
Line #DefensePHYDFOFWanted %Time %Time Play
1Alexander EdlerRyan Suter1225064%50% - 1:16
2Travis HamonicDeryk Engelland1225036%50% - 0:43
Last Minutes Offensive
Left WingCenterRight WingDefenseDefense
Andrei SvechnikovElias PetterssonDenis GurianovAlexander EdlerRyan Suter
Last Minutes Defensive
Left WingCenterRight WingDefenseDefense
Andrei SvechnikovElias PetterssonDenis GurianovAlexander EdlerRyan Suter
Time
Total ForwardTotal DefenseLast Minutes OffensiveLast Minutes Defensive
60:00 60:00 0:200:00
Extra Forwards
Normal PowerPlayPenalty Kill
Andrei Svechnikov, Frans Nielsen, Jason RobertsonElias Pettersson, Frans NielsenJason Robertson
Extra Defensemen
Normal PowerPlayPenalty Kill
Ron Hainsey, Alexander Edler, Travis HamonicRon Hainsey, Ryan SuterTravis Hamonic
Penalty Shots
Elias Pettersson, Andrei Svechnikov, Denis Gurianov, Jordan Greenway, Martin Necas
Goalie
Jake Oettinger, Martin Jones
Custom OT Lines Forwards
Elias Pettersson, Andrei Svechnikov, Denis Gurianov, Jordan Greenway, Martin Necas, Jason Robertson, Andreas Athanasiou, Oskar Lindblom, Mikko Koivu, Frans Nielsen
Custom OT Lines Defensemen
Alexander Edler, Ryan Suter, Travis Hamonic, Deryk Engelland, Ron Hainsey
Scratches
Dominik Simon (Healthy), Brogan Rafferty (Healthy), Scott Harrington (Healthy)


Play-by-Play

1st period


0:01 of 1st period - Elias Pettersson wins face-off versus Aleksander Barkov in neutral zone.
0:23 of 1st period - Shot by Aleksander Barkov.
0:23 of 1st period - Shot Blocked by Ryan Suter.
0:24 of 1st period - Minor Penalty to Ryan Suter for Holding.
0:25 of 1st period - Denis Gurianov wins face-off versus Claude Giroux in Stars zone.
1:06 of 1st period - Shot by Reilly Smith.
1:06 of 1st period - Shot Blocked by Ron Hainsey.
1:08 of 1st period - Shot by Alec Martinez.
1:08 of 1st period - Shot Blocked by Alexander Edler.
1:10 of 1st period - Shot by Reilly Smith.
1:10 of 1st period - Deflect By Claude Giroux.
1:10 of 1st period - Stopped by Jake Oettinger with a rebound.
1:23 of 1st period - Icing by Andre Burakovsky.
1:24 of 1st period - Aleksander Barkov wins face-off versus Denis Gurianov in Panthers zone.
1:45 of 1st period - Shot by Jonathan Marchessault.
1:45 of 1st period - Shot Blocked by Alexander Edler.
2:22 of 1st period - Shot by Reilly Smith.
2:22 of 1st period - Shot Misses the Net.
2:24 of 1st period - Shot by Colton Parayko.
2:24 of 1st period - Deflect By Brett Howden.
2:24 of 1st period - Stopped by Jake Oettinger without a rebound.
2:25 of 1st period - Andreas Athanasiou wins face-off versus Brett Howden in Stars zone.
2:25 of 1st period - Ron Hainsey is hit by Eric Robinson.
2:38 of 1st period - Shot by Brett Howden.
2:38 of 1st period - Stopped by Jake Oettinger without a rebound.
2:39 of 1st period - Dylan Larkin wins face-off versus Claude Giroux in Stars zone.
2:39 of 1st period - Dylan Larkin is hit by Vladislav Namestnikov.
2:42 of 1st period - Icing by Martin Necas.
2:43 of 1st period - Dylan Larkin wins face-off versus Claude Giroux in Stars zone.
2:43 of 1st period - Dylan Larkin is hit by Claude Giroux.
3:06 of 1st period - Reilly Smith is hit by Deryk Engelland and loses puck.
3:12 of 1st period - Icing by Deryk Engelland.
3:13 of 1st period - Dylan Larkin wins face-off versus Aleksander Barkov in Stars zone.
3:20 of 1st period - Shot by Dylan Larkin.
3:20 of 1st period - Stopped by Jonathan Quick without a rebound.
3:21 of 1st period - Brett Howden wins face-off versus Elias Pettersson in Panthers zone.
3:21 of 1st period - Jason Demers is hit by Andrei Svechnikov and loses puck.
3:37 of 1st period - Brett Howden is hit by Ryan Suter and loses puck.
4:08 of 1st period - Minor Penalty to Andrei Svechnikov for Slashing.
4:09 of 1st period - Denis Gurianov wins face-off versus Aleksander Barkov in Stars zone.
4:09 of 1st period - Jordan Greenway is hit by Jonathan Marchessault and loses puck.
4:14 of 1st period - Shot by Jonathan Marchessault.
4:14 of 1st period - Stopped by Jake Oettinger without a rebound.
4:15 of 1st period - Claude Giroux wins face-off versus Denis Gurianov in Stars zone.
4:29 of 1st period - Minor Penalty to Deryk Engelland for Hooking.
4:30 of 1st period - Elias Pettersson wins face-off versus Aleksander Barkov in Stars zone.
4:45 of 1st period - Shot by Seth Jones.
4:45 of 1st period - Stopped by Jake Oettinger with a rebound.
4:47 of 1st period - Shot by Jonathan Marchessault.
4:47 of 1st period - Stopped by Jake Oettinger without a rebound.
4:48 of 1st period - Elias Pettersson wins face-off versus Claude Giroux in Stars zone.
5:17 of 1st period - Shot by Vladislav Namestnikov.
5:17 of 1st period - Stopped by Jake Oettinger without a rebound.
5:18 of 1st period - Aleksander Barkov wins face-off versus Elias Pettersson in Stars zone.
5:21 of 1st period - Shot by Seth Jones.
5:21 of 1st period - Stopped by Jake Oettinger without a rebound.
5:22 of 1st period - Aleksander Barkov wins face-off versus Elias Pettersson in Stars zone.
5:56 of 1st period - Shot by Aleksander Barkov.
5:56 of 1st period - Stopped by Jake Oettinger without a rebound.
5:57 of 1st period - Jason Robertson wins face-off versus Claude Giroux in Stars zone.
6:03 of 1st period - Icing by Claude Giroux.
6:04 of 1st period - Vladislav Namestnikov wins face-off versus Jason Robertson in Panthers zone.
6:14 of 1st period - Claude Giroux is hit by Travis Hamonic and loses puck.
6:37 of 1st period - Jujhar Khaira is hit by Andreas Athanasiou and loses puck.
7:32 of 1st period - Shot by Jordan Greenway.
7:32 of 1st period - Shot Misses the Net.
7:34 of 1st period - Shot by Jordan Greenway.
7:34 of 1st period - Shot Misses the Net.
7:37 of 1st period - Jordan Greenway is hit by Dylan DeMelo and loses puck.
7:40 of 1st period - Shot by Dylan Larkin.
7:40 of 1st period - Stopped by Jonathan Quick without a rebound.
7:41 of 1st period - Mikko Koivu wins face-off versus Aleksander Barkov in Panthers zone.
8:05 of 1st period - Icing by Deryk Engelland.
8:06 of 1st period - Mikko Koivu wins face-off versus Claude Giroux in Stars zone.
8:11 of 1st period - Vladislav Namestnikov is hit by Oskar Lindblom and loses puck.
8:18 of 1st period - Shot by Mikko Koivu.
8:18 of 1st period - Stopped by Jonathan Quick without a rebound.
8:19 of 1st period - Aleksander Barkov wins face-off versus Dylan Larkin in Panthers zone.
8:32 of 1st period - Off-side.
8:33 of 1st period - Claude Giroux wins face-off versus Elias Pettersson in neutral zone.
9:12 of 1st period - Shot by Claude Giroux.
9:12 of 1st period - Stopped by Jake Oettinger with a rebound.
9:14 of 1st period - Shot by Vladislav Namestnikov.
9:14 of 1st period - Stopped by Jake Oettinger without a rebound.
9:15 of 1st period - Aleksander Barkov wins face-off versus Dylan Larkin in Stars zone.
9:20 of 1st period - Shot by Andre Burakovsky.
9:20 of 1st period - Shot Blocked by Deryk Engelland.
9:28 of 1st period - Shot by Jonathan Marchessault.
9:28 of 1st period - Shot Blocked by Travis Hamonic.
9:30 of 1st period - Shot by Colton Parayko.
9:30 of 1st period - Stopped by Jake Oettinger with a rebound.
9:54 of 1st period - Deryk Engelland is hit by Aleksander Barkov and loses puck.
9:59 of 1st period - Shot by Aleksander Barkov.
9:59 of 1st period - Shot Misses the Net.
10:19 of 1st period - Shot by Eric Robinson.
10:19 of 1st period - Shot Blocked by Deryk Engelland.
10:32 of 1st period - Icing by Deryk Engelland.
10:33 of 1st period - Claude Giroux wins face-off versus Dylan Larkin in Stars zone.
10:36 of 1st period - Shot by Claude Giroux.
10:36 of 1st period - Shot Misses the Net.
10:39 of 1st period - Icing by Dylan Larkin.
10:40 of 1st period - Dylan Larkin wins face-off versus Claude Giroux in Stars zone.
10:58 of 1st period - Off-side.
10:59 of 1st period - Andreas Athanasiou wins face-off versus Aleksander Barkov in neutral zone.
11:06 of 1st period - Icing by Seth Jones.
11:07 of 1st period - Elias Pettersson wins face-off versus Aleksander Barkov in Panthers zone.
11:11 of 1st period - Denis Gurianov is hit by Dylan DeMelo and loses puck.
11:18 of 1st period - Shot by Elias Pettersson.
11:18 of 1st period - Shot Misses the Net.
11:33 of 1st period - Shot by Andrei Svechnikov.
11:33 of 1st period - Stopped by Jonathan Quick without a rebound.
11:34 of 1st period - Claude Giroux wins face-off versus Andreas Athanasiou in Panthers zone.
12:05 of 1st period - Vladislav Namestnikov is hit by Warren Foegele and loses puck.
12:10 of 1st period - Shot by Ryan Suter.
12:10 of 1st period - Stopped by Jonathan Quick without a rebound.
12:11 of 1st period - Mikko Koivu wins face-off versus Brett Howden in Panthers zone.
12:41 of 1st period - Shot by Brett Howden.
12:41 of 1st period - Stopped by Jake Oettinger with a rebound.
13:10 of 1st period - Minor Penalty to Andrei Svechnikov for Tripping.
13:11 of 1st period - Elias Pettersson wins face-off versus Claude Giroux in Stars zone.
13:22 of 1st period - Shot by Elias Pettersson.
13:22 of 1st period - Stopped by Jonathan Quick without a rebound.
13:23 of 1st period - Denis Gurianov wins face-off versus Aleksander Barkov in Panthers zone.
13:54 of 1st period - Shot by Jonathan Marchessault.
13:54 of 1st period - Stopped by Jake Oettinger without a rebound.
13:55 of 1st period - Claude Giroux wins face-off versus Denis Gurianov in Stars zone.
14:23 of 1st period - Shot by Seth Jones.
14:23 of 1st period - Shot Blocked by Alexander Edler.
14:27 of 1st period - Shot by Claude Giroux.
14:27 of 1st period - Deflect By Reilly Smith.
14:27 of 1st period - Stopped by Jake Oettinger without a rebound.
14:28 of 1st period - Aleksander Barkov wins face-off versus Denis Gurianov in Stars zone.
14:29 of 1st period - Shot by Alec Martinez.
14:29 of 1st period - Stopped by Jake Oettinger without a rebound.
14:30 of 1st period - Denis Gurianov wins face-off versus Aleksander Barkov in Stars zone.
14:43 of 1st period - Shot by Alec Martinez.
14:43 of 1st period - Shot Misses the Net.
14:45 of 1st period - Shot by Alec Martinez.
14:45 of 1st period - Stopped by Jake Oettinger without a rebound.
14:46 of 1st period - Denis Gurianov wins face-off versus Claude Giroux in Stars zone.
15:22 of 1st period - Off-side.
15:23 of 1st period - Elias Pettersson wins face-off versus Brett Howden in neutral zone.
16:00 of 1st period - Shot by Brett Howden.
16:00 of 1st period - Stopped by Jake Oettinger with a rebound.
17:50 of 1st period - Shot by Jason Robertson.
17:50 of 1st period - Stopped by Jonathan Quick without a rebound.
17:51 of 1st period - Denis Gurianov wins face-off versus Jujhar Khaira in Panthers zone.
18:06 of 1st period - Jujhar Khaira is hit by Denis Gurianov and loses puck.
19:11 of 1st period - Andre Burakovsky is hit by Alexander Edler and loses puck.
19:57 of 1st period - Minor Penalty to Dylan DeMelo for Hooking.
19:58 of 1st period - Dylan Larkin wins face-off versus Claude Giroux in Panthers zone.
Goals for this period are 0 for Panthers vs 0 for Stars.
Shots for this period are 18 for Panthers vs 7 for Stars.

2nd period


0:01 of 2nd period - Elias Pettersson wins face-off versus Aleksander Barkov in neutral zone.
0:11 of 2nd period - Icing by Alexander Edler.
0:12 of 2nd period - Claude Giroux wins face-off versus Elias Pettersson in Stars zone.
0:46 of 2nd period - Shot by Andrei Svechnikov.
0:46 of 2nd period - Shot Misses the Net.
0:48 of 2nd period - Shot by Alexander Edler.
0:48 of 2nd period - Stopped by Jonathan Quick without a rebound.
0:49 of 2nd period - Claude Giroux wins face-off versus Jason Robertson in Panthers zone.
1:16 of 2nd period - Shot by Aleksander Barkov.
1:16 of 2nd period - Shot Misses the Net.
1:58 of 2nd period - Shot by Elias Pettersson.
1:58 of 2nd period - Stopped by Jonathan Quick with a rebound.
2:00 of 2nd period - Shot by Oskar Lindblom.
2:00 of 2nd period - Shot Misses the Net.
2:02 of 2nd period - Shot by Frans Nielsen.
2:02 of 2nd period - Shot Blocked by Jason Demers.
2:25 of 2nd period - Shot by Jujhar Khaira.
2:25 of 2nd period - Shot Misses the Net.
2:37 of 2nd period - Shot by Oskar Lindblom.
2:37 of 2nd period - Stopped by Jonathan Quick without a rebound.
2:38 of 2nd period - Claude Giroux wins face-off versus Elias Pettersson in Panthers zone.
3:19 of 2nd period - Shot by Claude Giroux.
3:19 of 2nd period - Shot Blocked by Ryan Suter.
3:21 of 2nd period - Shot by Seth Jones.
3:21 of 2nd period - Shot Misses the Net.
3:45 of 2nd period - Dylan Larkin is hit by Alec Martinez and loses puck.
3:50 of 2nd period - Shot by Dylan Larkin.
3:50 of 2nd period - Shot Misses the Net.
3:52 of 2nd period - Shot by Dylan Larkin.
3:52 of 2nd period - Shot Blocked by Alec Martinez.
3:54 of 2nd period - Shot by Deryk Engelland.
3:54 of 2nd period - Stopped by Jonathan Quick without a rebound.
3:55 of 2nd period - Andreas Athanasiou wins face-off versus Brett Howden in Panthers zone.
5:20 of 2nd period - Shot by Jonathan Marchessault.
5:20 of 2nd period - Shot Blocked by Travis Hamonic.
5:22 of 2nd period - Shot by Aleksander Barkov.
5:22 of 2nd period - Stopped by Jake Oettinger without a rebound.
5:23 of 2nd period - Claude Giroux wins face-off versus Elias Pettersson in Stars zone.
5:23 of 2nd period - Reilly Smith is hit by Alexander Edler and loses puck.
5:45 of 2nd period - Denis Gurianov is hit by Dylan DeMelo and loses puck.
5:48 of 2nd period - Shot by Andrei Svechnikov.
5:48 of 2nd period - Deflect By Elias Pettersson.
5:48 of 2nd period - Stopped by Jonathan Quick with a rebound.
5:50 of 2nd period - Shot by Ryan Suter.
5:50 of 2nd period - Shot Misses the Net.
5:52 of 2nd period - Shot by Alexander Edler.
5:52 of 2nd period - Stopped by Jonathan Quick without a rebound.
5:53 of 2nd period - Dylan Larkin wins face-off versus David Krejci in Panthers zone.
5:57 of 2nd period - Dylan Larkin is hit by Jason Demers and loses puck.
6:30 of 2nd period - Shot by David Krejci.
6:30 of 2nd period - Stopped by Jake Oettinger without a rebound.
6:31 of 2nd period - Vladislav Namestnikov wins face-off versus Andreas Athanasiou in Stars zone.
6:32 of 2nd period - Shot by Claude Giroux.
6:32 of 2nd period - Shot Blocked by Ryan Suter.
6:40 of 2nd period - Shot by Andreas Athanasiou.
6:40 of 2nd period - Shot Misses the Net.
6:45 of 2nd period - Warren Foegele is hit by Dylan DeMelo and loses puck.
6:58 of 2nd period - Shot by Andreas Athanasiou.
6:58 of 2nd period - Stopped by Jonathan Quick without a rebound.
6:59 of 2nd period - Aleksander Barkov wins face-off versus Elias Pettersson in Panthers zone.
7:08 of 2nd period - Icing by Ron Hainsey.
7:09 of 2nd period - Brett Howden wins face-off versus Elias Pettersson in Stars zone.
7:15 of 2nd period - Icing by Ron Hainsey.
7:16 of 2nd period - Aleksander Barkov wins face-off versus Andrei Svechnikov in Stars zone.
7:21 of 2nd period - Shot by Andre Burakovsky.
7:21 of 2nd period - Goal by Andre Burakovsky - Panthers : 1 - Stars : 0.
7:22 of 2nd period - Claude Giroux wins face-off versus Dylan Larkin in neutral zone.
7:39 of 2nd period - Shot by Jordan Greenway.
7:39 of 2nd period - Shot Misses the Net.
7:41 of 2nd period - Shot by Martin Necas.
7:41 of 2nd period - Stopped by Jonathan Quick without a rebound.
7:42 of 2nd period - Jonathan Marchessault wins face-off versus Andreas Athanasiou in Panthers zone.
7:42 of 2nd period - Alec Martinez is hit by Warren Foegele.
7:59 of 2nd period - Minor Penalty to Alec Martinez for Holding.
8:00 of 2nd period - Elias Pettersson wins face-off versus Claude Giroux in Panthers zone.
8:03 of 2nd period - Shot by Denis Gurianov.
8:03 of 2nd period - Stopped by Jonathan Quick with a rebound.
8:05 of 2nd period - Shot by Ryan Suter.
8:05 of 2nd period - Stopped by Jonathan Quick with a rebound.
8:17 of 2nd period - Shot by Andrei Svechnikov.
8:17 of 2nd period - Shot Misses the Net.
8:19 of 2nd period - Shot by Alexander Edler.
8:19 of 2nd period - Shot Misses the Net.
8:21 of 2nd period - Shot by Ryan Suter.
8:21 of 2nd period - Stopped by Jonathan Quick without a rebound.
8:22 of 2nd period - Claude Giroux wins face-off versus Martin Necas in Panthers zone.
8:46 of 2nd period - Shot by Deryk Engelland.
8:46 of 2nd period - Stopped by Jonathan Quick without a rebound.
8:47 of 2nd period - Claude Giroux wins face-off versus Elias Pettersson in Panthers zone.
10:00 of 2nd period - Martin Necas is hit by Dylan DeMelo.
10:09 of 2nd period - Icing by Oskar Lindblom.
10:10 of 2nd period - Oskar Lindblom wins face-off versus Aleksander Barkov in Stars zone.
10:10 of 2nd period - Oskar Lindblom is hit by Andre Burakovsky.
10:27 of 2nd period - Shot by Aleksander Barkov.
10:27 of 2nd period - Deflect By Andre Burakovsky.
10:27 of 2nd period - Stopped by Jake Oettinger without a rebound.
10:28 of 2nd period - Dylan Larkin wins face-off versus Brett Howden in Stars zone.
10:28 of 2nd period - Dylan Larkin is hit by Eric Robinson.
10:45 of 2nd period - Shot by Martin Necas.
10:45 of 2nd period - Goal by Martin Necas - Panthers : 1 - Stars : 1.
10:46 of 2nd period - Vladislav Namestnikov wins face-off versus Elias Pettersson in neutral zone.
10:54 of 2nd period - Shot by Andrei Svechnikov.
10:54 of 2nd period - Deflect By Elias Pettersson.
10:54 of 2nd period - Shot Misses the Net.
12:02 of 2nd period - Shot by Aleksander Barkov.
12:02 of 2nd period - Shot Misses the Net.
12:24 of 2nd period - Shot by Jordan Greenway.
12:24 of 2nd period - Shot Misses the Net.
13:41 of 2nd period - Shot by Oskar Lindblom.
13:41 of 2nd period - Shot Blocked by Dmitry Kulikov.
13:43 of 2nd period - Shot by Alexander Edler.
13:43 of 2nd period - Stopped by Jonathan Quick without a rebound.
13:44 of 2nd period - Elias Pettersson wins face-off versus Claude Giroux in Panthers zone.
14:17 of 2nd period - Shot by Reilly Smith.
14:17 of 2nd period - Stopped by Jake Oettinger without a rebound.
14:18 of 2nd period - Dylan Larkin wins face-off versus Michael Raffl in Stars zone.
14:20 of 2nd period - Minor Penalty to Jordan Greenway for Interference.
14:21 of 2nd period - Claude Giroux wins face-off versus Denis Gurianov in Stars zone.
14:43 of 2nd period - Icing by Reilly Smith.
14:44 of 2nd period - Elias Pettersson wins face-off versus Claude Giroux in Panthers zone.
14:53 of 2nd period - Shot by Elias Pettersson.
14:53 of 2nd period - Shot Blocked by Dylan DeMelo.
14:55 of 2nd period - Shot by Deryk Engelland.
14:55 of 2nd period - Shot Misses the Net.
15:08 of 2nd period - Icing by Seth Jones.
15:09 of 2nd period - Claude Giroux wins face-off versus Denis Gurianov in Panthers zone.
15:21 of 2nd period - Off-side.
15:22 of 2nd period - Aleksander Barkov wins face-off versus Elias Pettersson in neutral zone.
15:41 of 2nd period - Shot by Alec Martinez.
15:41 of 2nd period - Stopped by Jake Oettinger without a rebound.
15:42 of 2nd period - Aleksander Barkov wins face-off versus Denis Gurianov in Stars zone.
16:26 of 2nd period - Jordan Greenway is hit by Oskar Sundqvist and loses puck.
16:31 of 2nd period - Dylan DeMelo is hit by Dylan Larkin and loses puck.
17:16 of 2nd period - Vladislav Namestnikov is hit by Jordan Greenway and loses puck.
17:25 of 2nd period - Shot by Reilly Smith.
17:25 of 2nd period - Goal by Reilly Smith - Panthers : 2 - Stars : 1.
17:26 of 2nd period - David Krejci wins face-off versus Elias Pettersson in neutral zone.
17:29 of 2nd period - Denis Gurianov is hit by Michael Raffl and loses puck.
17:42 of 2nd period - Shot by Denis Gurianov.
17:42 of 2nd period - Shot Misses the Net.
17:48 of 2nd period - Shot by Andrei Svechnikov.
17:48 of 2nd period - Shot Blocked by Alec Martinez.
18:02 of 2nd period - Shot by Elias Pettersson.
18:02 of 2nd period - Shot Misses the Net.
18:20 of 2nd period - Shot by Andreas Athanasiou.
18:20 of 2nd period - Stopped by Jonathan Quick without a rebound.
18:21 of 2nd period - Claude Giroux wins face-off versus Andreas Athanasiou in Panthers zone.
18:50 of 2nd period - Seth Jones is hit by Andreas Athanasiou and loses puck.
18:59 of 2nd period - Shot by Claude Giroux.
18:59 of 2nd period - Shot Hit the Post.
19:31 of 2nd period - Shot by Jonathan Marchessault.
19:31 of 2nd period - Deflect By Aleksander Barkov.
19:31 of 2nd period - Shot Misses the Net.
19:46 of 2nd period - Dylan Larkin is hit by Dmitry Kulikov and loses puck.
Goals for this period are 2 for Panthers vs 1 for Stars.
Shots for this period are 7 for Panthers vs 15 for Stars.

3rd period


0:01 of 3rd period - Aleksander Barkov wins face-off versus Elias Pettersson in neutral zone.
0:16 of 3rd period - Shot by Andre Burakovsky.
0:16 of 3rd period - Stopped by Jake Oettinger with a rebound.
0:18 of 3rd period - Shot by Andre Burakovsky.
0:18 of 3rd period - Shot Blocked by Alexander Edler.
0:31 of 3rd period - Off-side.
0:32 of 3rd period - Dylan Larkin wins face-off versus Claude Giroux in neutral zone.
0:38 of 3rd period - Minor Penalty to Deryk Engelland for Holding Stick.
0:39 of 3rd period - Claude Giroux wins face-off versus Denis Gurianov in Stars zone.
0:40 of 3rd period - Shot by Colton Parayko.
0:40 of 3rd period - Stopped by Jake Oettinger without a rebound.
0:41 of 3rd period - Claude Giroux wins face-off versus Denis Gurianov in Stars zone.
0:44 of 3rd period - Shot by Seth Jones.
0:44 of 3rd period - Shot Blocked by Ryan Suter.
0:46 of 3rd period - Shot by Vladislav Namestnikov.
0:46 of 3rd period - Stopped by Jake Oettinger without a rebound.
0:47 of 3rd period - Aleksander Barkov wins face-off versus Denis Gurianov in Stars zone.
1:08 of 3rd period - Shot by Aleksander Barkov.
1:08 of 3rd period - Shot Blocked by Denis Gurianov.
1:54 of 3rd period - Shot by Alec Martinez.
1:54 of 3rd period - Stopped by Jake Oettinger without a rebound.
1:55 of 3rd period - Claude Giroux wins face-off versus Denis Gurianov in Stars zone.
2:02 of 3rd period - Shot by Claude Giroux.
2:02 of 3rd period - Shot Misses the Net.
2:04 of 3rd period - Shot by Vladislav Namestnikov.
2:04 of 3rd period - Shot Blocked by Alexander Edler.
2:06 of 3rd period - Shot by Reilly Smith.
2:06 of 3rd period - Shot Misses the Net.
2:19 of 3rd period - Icing by Reilly Smith.
2:20 of 3rd period - Claude Giroux wins face-off versus Elias Pettersson in Panthers zone.
2:25 of 3rd period - Shot by Alec Martinez.
2:25 of 3rd period - Stopped by Jake Oettinger without a rebound.
2:26 of 3rd period - Aleksander Barkov wins face-off versus Elias Pettersson in Stars zone.
2:27 of 3rd period - Shot by Seth Jones.
2:27 of 3rd period - Shot Misses the Net.
2:51 of 3rd period - Shot by Brett Howden.
2:51 of 3rd period - Shot Misses the Net.
2:54 of 3rd period - Icing by Tucker Poolman.
2:55 of 3rd period - Andreas Athanasiou wins face-off versus Aleksander Barkov in Stars zone.
3:18 of 3rd period - Shot by Aleksander Barkov.
3:18 of 3rd period - Deflect By Jonathan Marchessault.
3:18 of 3rd period - Stopped by Jake Oettinger without a rebound.
3:19 of 3rd period - Claude Giroux wins face-off versus Dylan Larkin in Stars zone.
3:19 of 3rd period - Reilly Smith is hit by Alexander Edler.
3:20 of 3rd period - Minor Penalty to Alexander Edler for High sticking.
3:21 of 3rd period - Claude Giroux wins face-off versus Denis Gurianov in Stars zone.
3:28 of 3rd period - Shot by Seth Jones.
3:28 of 3rd period - Stopped by Jake Oettinger with a rebound.
3:40 of 3rd period - Shot by Reilly Smith.
3:40 of 3rd period - Stopped by Jake Oettinger without a rebound.
3:41 of 3rd period - Aleksander Barkov wins face-off versus Denis Gurianov in Stars zone.
3:42 of 3rd period - Shot by Jonathan Marchessault.
3:42 of 3rd period - Deflect By Andre Burakovsky.
3:42 of 3rd period - Stopped by Jake Oettinger without a rebound.
3:43 of 3rd period - Aleksander Barkov wins face-off versus Denis Gurianov in Stars zone.
3:52 of 3rd period - Shot by Colton Parayko.
3:52 of 3rd period - Shot Misses the Net.
3:59 of 3rd period - Aleksander Barkov is hit by Ryan Suter and loses puck.
4:08 of 3rd period - Shot by Jonathan Marchessault.
4:08 of 3rd period - Stopped by Jake Oettinger without a rebound.
4:09 of 3rd period - Elias Pettersson wins face-off versus Claude Giroux in Stars zone.
4:14 of 3rd period - Shot by Vladislav Namestnikov.
4:14 of 3rd period - Stopped by Jake Oettinger without a rebound.
4:15 of 3rd period - Elias Pettersson wins face-off versus Claude Giroux in Stars zone.
4:26 of 3rd period - Shot by Claude Giroux.
4:26 of 3rd period - Deflect By Reilly Smith.
4:26 of 3rd period - Shot Blocked by Ryan Suter.
4:58 of 3rd period - Shot by Seth Jones.
4:58 of 3rd period - Shot Misses the Net.
5:39 of 3rd period - Shot by Oskar Sundqvist.
5:39 of 3rd period - Shot Misses the Net.
5:44 of 3rd period - Brett Howden is hit by Ron Hainsey and loses puck.
6:30 of 3rd period - Minor Penalty to Deryk Engelland for Slashing.
6:31 of 3rd period - Elias Pettersson wins face-off versus Claude Giroux in Stars zone.
6:50 of 3rd period - Shot by Claude Giroux.
6:50 of 3rd period - Goal by Claude Giroux - Panthers : 3 - Stars : 1.
6:51 of 3rd period - Mikko Koivu wins face-off versus Aleksander Barkov in neutral zone.
6:59 of 3rd period - Shot by Oskar Lindblom.
6:59 of 3rd period - Deflect By Mikko Koivu.
6:59 of 3rd period - Stopped by Jonathan Quick without a rebound.
7:00 of 3rd period - Claude Giroux wins face-off versus Dylan Larkin in Panthers zone.
7:00 of 3rd period - Claude Giroux is hit by Martin Necas.
7:15 of 3rd period - Deryk Engelland is hit by Seth Jones and loses puck.
7:33 of 3rd period - Shot by Vladislav Namestnikov.
7:33 of 3rd period - Shot Misses the Net.
7:35 of 3rd period - Shot by Reilly Smith.
7:35 of 3rd period - Shot Misses the Net.
7:40 of 3rd period - Claude Giroux is hit by Deryk Engelland and loses puck.
8:18 of 3rd period - Colton Parayko is hit by Alexander Edler.
8:28 of 3rd period - Shot by Aleksander Barkov.
8:28 of 3rd period - Shot Misses the Net.
8:34 of 3rd period - Shot by Jonathan Marchessault.
8:34 of 3rd period - Shot Blocked by Ryan Suter.
8:43 of 3rd period - Minor Penalty to Oskar Sundqvist for Slashing.
8:44 of 3rd period - Elias Pettersson wins face-off versus Claude Giroux in Panthers zone.
9:43 of 3rd period - Shot by Jason Robertson.
9:43 of 3rd period - Stopped by Jonathan Quick without a rebound.
9:44 of 3rd period - Claude Giroux wins face-off versus Dylan Larkin in Panthers zone.
10:01 of 3rd period - Shot by Dylan Larkin.
10:01 of 3rd period - Shot Hit the Post.
10:08 of 3rd period - Icing by Alexander Edler.
10:09 of 3rd period - Dylan Larkin wins face-off versus Aleksander Barkov in Stars zone.
10:32 of 3rd period - Shot by Elias Pettersson.
10:32 of 3rd period - Shot Misses the Net.
10:34 of 3rd period - Shot by Travis Hamonic.
10:34 of 3rd period - Stopped by Jonathan Quick without a rebound.
10:35 of 3rd period - Elias Pettersson wins face-off versus Reilly Smith in Panthers zone.
12:01 of 3rd period - Minor Penalty to Seth Jones for Hooking.
12:02 of 3rd period - Jonathan Marchessault wins face-off versus Elias Pettersson in Panthers zone.
12:13 of 3rd period - Off-side.
12:14 of 3rd period - Dylan Larkin wins face-off versus Aleksander Barkov in neutral zone.
12:17 of 3rd period - Shot by Ryan Suter.
12:17 of 3rd period - Shot Misses the Net.
13:29 of 3rd period - Shot by Elias Pettersson.
13:29 of 3rd period - Stopped by Jonathan Quick without a rebound.
13:30 of 3rd period - Elias Pettersson wins face-off versus Claude Giroux in Panthers zone.
13:33 of 3rd period - Shot by Denis Gurianov.
13:33 of 3rd period - Shot Misses the Net.
13:35 of 3rd period - Shot by Travis Hamonic.
13:35 of 3rd period - Shot Misses the Net.
14:02 of 3rd period - Icing by Elias Pettersson.
14:03 of 3rd period - Mikko Koivu wins face-off versus David Krejci in Stars zone.
14:24 of 3rd period - Shot by David Krejci.
14:24 of 3rd period - Shot Misses the Net.
14:26 of 3rd period - Shot by Michael Raffl.
14:26 of 3rd period - Stopped by Jake Oettinger with a rebound.
14:28 of 3rd period - Shot by Colton Parayko.
14:28 of 3rd period - Stopped by Jake Oettinger with a rebound.
14:31 of 3rd period - Minor Penalty to Tucker Poolman for Hooking.
14:31 of 3rd period - Minor Penalty to Michael Raffl for Slashing.
14:32 of 3rd period - Aleksander Barkov wins face-off versus Denis Gurianov in Stars zone.
15:02 of 3rd period - Shot by Jonathan Marchessault.
15:02 of 3rd period - Stopped by Jake Oettinger with a rebound.
15:04 of 3rd period - Shot by Jonathan Marchessault.
15:04 of 3rd period - Stopped by Jake Oettinger without a rebound.
15:05 of 3rd period - Andre Burakovsky wins face-off versus Elias Pettersson in Stars zone.
15:09 of 3rd period - Claude Giroux is hit by Deryk Engelland and loses puck.
15:42 of 3rd period - Shot by Claude Giroux.
15:42 of 3rd period - Shot Misses the Net.
15:44 of 3rd period - Shot by Andre Burakovsky.
15:44 of 3rd period - Stopped by Jake Oettinger without a rebound.
15:45 of 3rd period - Aleksander Barkov wins face-off versus Denis Gurianov in Stars zone.
15:59 of 3rd period - Aleksander Barkov is hit by Alexander Edler and loses puck.
16:27 of 3rd period - Shot by Jonathan Marchessault.
16:27 of 3rd period - Stopped by Jake Oettinger without a rebound.
16:28 of 3rd period - Claude Giroux wins face-off versus Elias Pettersson in Stars zone.
16:31 of 3rd period - Shot by Andre Burakovsky.
16:31 of 3rd period - Stopped by Jake Oettinger with a rebound.
17:01 of 3rd period - Shot by Brett Howden.
17:01 of 3rd period - Stopped by Jake Oettinger without a rebound.
17:02 of 3rd period - Mikko Koivu wins face-off versus Claude Giroux in Stars zone.
17:11 of 3rd period - Shot by Mikko Koivu.
17:11 of 3rd period - Stopped by Jonathan Quick without a rebound.
17:12 of 3rd period - Dylan Larkin wins face-off versus Aleksander Barkov in Panthers zone.
17:29 of 3rd period - Shot by Alexander Edler.
17:29 of 3rd period - Stopped by Jonathan Quick with a rebound.
17:33 of 3rd period - Shot by Jordan Greenway.
17:33 of 3rd period - Shot Misses the Net.
17:58 of 3rd period - Icing by Dylan DeMelo.
17:59 of 3rd period - Aleksander Barkov wins face-off versus Elias Pettersson in Panthers zone.
18:12 of 3rd period - Shot by Elias Pettersson.
18:12 of 3rd period - Stopped by Jonathan Quick without a rebound.
18:13 of 3rd period - Claude Giroux wins face-off versus Andreas Athanasiou in Panthers zone.
18:13 of 3rd period - Claude Giroux is hit by Andreas Athanasiou.
18:18 of 3rd period - Reilly Smith is hit by Tucker Poolman and loses puck.
18:31 of 3rd period - Shot by Andreas Athanasiou.
18:31 of 3rd period - Shot Misses the Net.
18:41 of 3rd period - Shot by Warren Foegele.
18:41 of 3rd period - Stopped by Jonathan Quick with a rebound.
18:43 of 3rd period - Shot by Jason Robertson.
18:43 of 3rd period - Shot Misses the Net.
19:15 of 3rd period - Off-side.
19:16 of 3rd period - Dylan Larkin wins face-off versus Oskar Sundqvist in neutral zone.
19:39 of 3rd period - Shot by Martin Necas.
19:39 of 3rd period - Goal by Martin Necas - Panthers : 3 - Stars : 2.
19:40 of 3rd period - Elias Pettersson wins face-off versus Aleksander Barkov in neutral zone.
19:43 of 3rd period - Stars, Jake Oettinger is pulled from the net.
Goals for this period are 1 for Panthers vs 1 for Stars.
Shots for this period are 20 for Panthers vs 9 for Stars.